 Dungeon Crawl Stone Soup version 0.31-a0-221-gbddc013574 (webtiles) character file.

Game seed: 8940224859476870002

292 qw the Shooter (level 6, -7/51 HPs)
             Began as a Minotaur Hexslinger on July 4, 2023.
             Killed from afar by Sigmund (10 damage)
             ... with a puff of flame
             ... on level 4 of the Dungeon.
             The game lasted 00:00:54 (2147 turns).

qw the Shooter (Minotaur Hexslinger)                Turns: 2147, Time: 00:00:55

Health: -7/51      AC:  6    Str: 12    XL:     6   Next: 10%
Magic:  6/6        EV: 11    Int: 10    God:
Gold:   111        SH:  0    Dex: 15    Spells: 6/7 levels left

rFire   . . .        b - +0 arbalest
rCold   + . .        (shield currently unavailable)
rNeg    . . .        g - +0 ring mail
rPois   .            (helmet restricted)
rElec   +            (no cloak)
rCorr   .            d - +0 pair of gloves
SInv    .            (no boots)
Will    .....        (no amulet)
Stlth   +            a - ring "Fienizud" {rElec rC+}
HPRegen 0.28/turn    (no ring)
MPRegen 0.10/turn

%: no passive effects
@: lethally poisoned (-7 -> -10)
A: horns 2, retaliatory headbutt
a: no special abilities


You were on level 4 of the Dungeon.
You visited 1 branch of the dungeon, and saw 4 of its levels.

You collected 160 gold pieces.
You spent 49 gold pieces at shops.


Innate Abilities, Weirdness & Mutations

You have a pair of horns on your head.
You reflexively headbutt those who attack you in melee.


   Skills:
 - Level 3.4 Fighting
 + Level 5.9 Ranged Weapons
 - Level 2.3 Armour
 - Level 2.1 Dodging
 - Level 1.0 Spellcasting
 - Level 2.0 Hexes


You had 6 spell levels left.
You knew the following spells:

 Your Spells              Type           Power      Damage    Failure   Level
a - Slow                  Hex            16%        N/A       32%         1

Your spell library contained the following spells:

 Spells                   Type           Power      Damage    Failure   Level
 Inner Flame              Hex/Fire       2%         N/A       83%         3
 Portal Projectile        Hex/Tloc       4%         N/A       83%         3
 Cause Fear               Hex            2%         N/A       97%         4

Inventory:

Hand Weapons
 b - a +0 arbalest (weapon)
Armour
 d - a +0 pair of gloves (worn)
 g - a +0 ring mail (worn)
Jewellery
 a - the ring "Fienizud" (left hand) {rElec rC+}
   (You found it on level 3 of the Dungeon)

   [ring of protection from cold]

   rC:        It protects you from cold.
   rElec:     It insulates you from electricity.
Potions
 c - a potion of mutation {unknown}

Dungeon Overview and Level Annotations

Branches:
Dungeon (4/15)
 Temple: D:4-7

Altars:
Hepliaklqana

Shops:
D:4 (

Annotations:
D:3 3 runed translucent doors, qw's ghost, amateur GrHs
D:4 Sigmund


Message History

The endoplasm hits you but does no damage.
Sigmund gestures wildly while chanting.
Sigmund flickers and vanishes!
Deactivating autopickup; reactivate with Ctrl-A.
The scorpion closely misses you.
You shoot a bolt. The bolt hits the scorpion!
The scorpion is severely wounded.
You feel very sick. The scorpion misses you. The endoplasm closely misses you.
The scorpion closely misses you.
You shoot a bolt. The bolt barely misses the scorpion.
You feel very sick. Something hits you! The endoplasm barely misses you.
The scorpion stings you but does no damage.
The endoplasm hits you but does no damage.
The scorpion stings you but does no damage.
Something hits you.
You shoot a bolt. The bolt barely misses the scorpion.
You feel sick.
The scorpion stings you but does no damage.
The endoplasm hits you but does no damage.
Something hits you but does no damage. The endoplasm freezes you.
You are frozen.
You resist. The scorpion stings you.
You are more poisoned.
The scorpion poisons you!
You shoot a bolt. The bolt hits the scorpion!
You kill the scorpion!
You feel very sick. The endoplasm closely misses you. Something hits you.
The endoplasm freezes you.
You are frozen.
You resist.
You have reached level 6!
You shoot a bolt. The bolt hits the endoplasm!
You kill the endoplasm!
You feel very sick.
You hear some strange, mumbled words.
A puff of flame appears from out of thin air!
The puff of flame hits you!
You die...

##. #
..############.
#.#
#.#............
##.#.
#=#%###########
#.... #.#.#
##....# #.#.#
.......###.#.#
...........#.##
.....{.@......#
##....######..#
..... #..# ####
#..# #..# #..#
#..# ...#


There were no monsters in sight!

Vanquished Creatures
  A scorpion (D:4)
  An orc priest (D:3)
  2 iguanas (D:4)
  An orc wizard (D:3)
  2 adders (D:3)
  4 gnolls (D:3)
  A worm (D:2)
  A dart slug (D:3)
  3 orcs (D:3)
  A bat (D:1)
  10 endoplasms
  2 giant cockroaches
  3 goblins
  6 hobgoblins
  9 jackals
  3 kobolds (D:1)
  A quokka (D:2)
  3 ball pythons (D:1)
  4 frilled lizards (D:1)
  5 rats (D:1)
63 creatures vanquished.

Notes
Turn   | Place    | Note
-------+----------+-------------------------------------------
     0 | D:1      | qw the Minotaur Hexslinger began the quest for the Orb.
     0 | D:1      | Reached XP level 1. HP: 16/16 MP: 1/1
     0 | D:1      | 0 ||| qw: Version: 0.3-a-40-ge99b1a8
     0 | D:1      | 0 ||| qw: Game counter: 659
     0 | D:1      | 0 ||| qw: Melee chars always use a shield: true
     0 | D:1      | 0 ||| qw: God list: Okawaru
     0 | D:1      | 0 ||| qw: Allow faded altars: false
     0 | D:1      | 0 ||| qw: Do Orc after clearing Dungeon:15 true
     0 | D:1      | 0 ||| qw: Do second Lair branch before Depths: true
     0 | D:1      | 0 ||| qw: Lair rune preference: random
     0 | D:1      | 0 ||| qw: Goals: Normal
     0 | D:1      | 0 ||| PLANNING D:1-11
   101 | D:1      | 101 ||| FLEEEEING.
   102 | D:1      | 102 ||| FLEEEEING.
   103 | D:1      | 103 ||| FLEEEEING.
   104 | D:1      | 104 ||| FLEEEEING.
   105 | D:1      | 105 ||| FLEEEEING.
   143 | D:1      | Reached skill level 3 in Ranged Weapons
   143 | D:1      | Reached XP level 2. HP: 23/23 MP: 2/2
   350 | D:1      | Reached XP level 3. HP: 29/29 MP: 3/3
   669 | D:1      | 669 ||| UPGRADING to +0 pair of gloves.
   674 | D:1      | 674 ||| UPGRADING to +0 ring mail.
   684 | D:1      | 684 ||| DROPPING +0 robe.
   685 | D:1      | 685 ||| READING scroll labelled AVUJARGH WOVA.
   686 | D:1      | 686 ||| DROPPING scroll of poison.
   845 | D:2      | Found a faded altar of an unknown god.
   909 | D:2      | Reached skill level 4 in Ranged Weapons
  1305 | D:2      | 1305 ||| READING scroll labelled BYAJASH HOERUE.
  1306 | D:2      | 1306 ||| READING scroll labelled ZIR EQEINI.
  1307 | D:2      | 1307 ||| READING scroll labelled ISODWO IZ ETY.
  1308 | D:2      | 1308 ||| DRINKING 2 fizzy purple potions.
  1309 | D:2      | 1309 ||| DRINKING 2 fuming puce potions.
  1310 | D:2      | 1310 ||| DROPPING potion of invisibility.
  1327 | D:3      | Reached XP level 4. HP: 36/36 MP: 4/4
  1476 | D:3      | Found a runed translucent gate.
  1512 | D:3      | HP: 9/36 [gnoll/+0 spear (3)]
  1513 | D:3      | 1513 ||| DRINKING potion of heal wounds.
  1515 | D:3      | Reached skill level 5 in Ranged Weapons
  1515 | D:3      | Reached XP level 5. HP: 32/41 MP: 5/5
  1654 | D:3      | Found a runed translucent gate.
  1655 | D:3      | Found a runed translucent gate.
  1656 | D:3      | Noticed qw's ghost (amateur GrHs)
  1665 | D:3      | Found a hazy altar of Hepliaklqana.
  1705 | D:3      | Identified the ring "Fienizud" {rElec rC+}
  1986 | D:3      | 1986 ||| UPGRADING to ring "Fienizud" {rElec rC+}.
  1987 | D:3      | 1987 ||| READING scroll labelled WUDEAC AJIUTZI.
  1999 | D:4      | Found Acvieg's Weapon Shoppe.
  2000 | D:4      | 2000 ||| PLANNING OSSUARY
  2002 | D:4      | 2002 ||| BUYING +0 arbalest (49 gold).
  2002 | D:4      | Bought a +0 arbalest for 49 gold pieces
  2002 | D:4      | 2002 ||| SWAPPING to +0 arbalest.
  2003 | D:4      | 2003 ||| DROPPING +2 sling.
  2016 | D:4      | Reached skill level 3 in Fighting
  2137 | D:4      | Noticed Sigmund
  2146 | D:4      | HP: 7/45 [poisoned by a scorpion]
  2147 | D:4      | Reached XP level 6. HP: 6/51 MP: 6/6
  2147 | D:4      | HP: 3/51 [poisoned by a scorpion]
  2147 | D:4      | Killed from afar by Sigmund

Levels and vault maps discovered:
D:1:      zaba_arrival_water, layout_loops_ring
D:2:      layout_loops_cross, dilly_ecumenical_altar_fadedgnrine
D:3:      layout_basic, worldfamousw_hep_ancestral_shrine,
          gammafunk_ghost_nasty_kobolds
D:4:      layout_loops_ring, minmay_temple_entry_sparse_star, serial_shops,
          shop, nicolae_stop_n_shop_2, nicolae_ossuary_entry_ruins,
          kennysheep_small_circle, uniq_sigmund, uniq_pikel

Skill      XL: |  1  2  3  4  5 |
---------------+----------------+-----
Ranged Weapons | 3 4 5 |  5.9
Fighting       | 2 3 |  3.4
Armour         | 2 |  2.3
Dodging        | |  2.1
Spellcasting   | |  1.0
Hexes          | |  2.0

Action                     |  1- 3 |  4- 6 || total
---------------------------+-------+-------++-------
   Fire: Sling             |   128 |    64 ||   192
         Arbalest          |       |    22 ||    22
    Use: Scroll            |     4 |     1 ||     5
         Potion            |     2 |     1 ||     3
 Armour: Robe              |     3 |       ||     3
         Ring mail         |     5 |    28 ||    33
  Dodge: Dodged            |    30 |    49 ||    79

Table legend:
 A = Non-vault XP
 B = Vault XP
 C = Vault XP percentage of total XP
 D = Non-vault monster count
 E = Vault monster count
 F = Vault count percentage of total count
                 A         B        C        D         E       F
            +---------+---------+-------+---------+---------+-------
      Total |     420 |       0 |   0.0 |      63 |       0 |   0.0
            +---------+---------+-------+---------+---------+-------
        D:1 |      53 |       0 |   0.0 |      33 |       0 |   0.0
        D:2 |      17 |       0 |   0.0 |       7 |       0 |   0.0
        D:3 |     183 |       0 |   0.0 |      18 |       0 |   0.0
        D:4 |     167 |       0 |   0.0 |       5 |       0 |   0.0
            +---------+---------+-------+---------+---------+-------
